[Event "Titled Tuesday Blitz January 10 Early 2023"]
[White "Jaskolka, Tomasz"]
[Black "Tuleyeva-Aketayeva, Dana"]
[WhiteFideId "1170791"]
[BlackFideId "13701932"]
[WhiteElo "2238"]
[BlackElo "2130"]
[Result "1-0"]
[Round "02"]
[TimeControl "180+2"]
[Date "2023.01.10"]
[WhiteClock "0:01:09"]
[BlackClock "0:00:28"]

1. d4 Nf6 2. c4 e6 3. g3 c5 4. d5 exd5 5. cxd5 d6 6. Nc3 g6 7. Bg2 Bg7 8. Nf3 O-O 9. O-O Re8 10. Bf4 a6 11. a4 Nh5 12. Bg5 Bf6 13. Bxf6 Nxf6 14. Nd2 Nfd7 15. e4 Ne5 16. f4 Ng4 17. Nc4 f5 18. h3 Nh6 19. e5 dxe5 20. fxe5 Nf7 21. Re1 Qg5 22. Qf3 a5 23. Nb5 Na6 24. Rad1 Bd7 25. e6 Bxb5 26. exf7+ Kxf7 27. axb5 Rxe1+ 28. Rxe1 Nb4 29. d6 Rb8 30. Re7+ Kf8 31. Qc3 Qxe7 32. dxe7+ Kxe7 33. Qe5+ 1-0


[Site "https://www.chess.com"]

[Event "Titled Tuesday Blitz January 10 Early 2023"]
[White "Kiseleva, Arina"]
[Black "Zeman, Matyas"]
[WhiteFideId "4164989"]
[BlackFideId "364398"]
[WhiteElo "1962"]
[BlackElo "2296"]
[Result "0-1"]
[Round "02"]
[TimeControl "180+2"]
[Date "2023.01.10"]
[WhiteClock "0:00:14"]
[BlackClock "0:00:58"]

1. d4 e6 2. e3 f5 3. Bd3 Nf6 4. Ne2 b6 5. O-O Bb7 6. f3 Be7 7. c4 O-O 8. Nbc3 d6 9. e4 fxe4 10. fxe4 Nc6 11. h3 e5 12. d5 Nb4 13. Bb1 Bc8 14. a3 Na6 15. b4 Qe8 16. Ng3 g6 17. Bd3 Bd7 18. Bh6 Rf7 19. Qd2 Rd8 20. c5 Nb8 21. c6 Bc8 22. Nb5 Bf8 23. Bxf8 Qxf8 24. Nxa7 Qg7 25. Nxc8 Rxc8 26. a4 h5 27. a5 h4 28. Ne2 bxa5 29. bxa5 g5 30. a6 Nxa6 31. Rxa6 g4 32. hxg4 Qxg4 33. Nc3 Rcf8 34. Qe2 Qg5 35. Ra2 Ng4 36. Rxf7 Rxf7 37. Qc2 Qe3+ 38. Kh1 Qe1+ 39. Bf1 Qxf1# 0-1


[Site "https://www.chess.com"]

[Event "Titled Tuesday Blitz January 10 Early 2023"]
[White "Papayan, Oleg"]
[Black "Baruch, Liam"]
[WhiteFideId "4193911"]
[BlackFideId "14322064"]
[WhiteElo "2253"]
[BlackElo "1718"]
[Result "1-0"]
[Round "02"]
[TimeControl "180+2"]
[Date "2023.01.10"]
[WhiteClock "0:00:14"]
[BlackClock "0:01:23"]

1. e4 e5 2. Nf3 Nc6 3. Bb5 a6 4. Bxc6 dxc6 5. O-O f6 6. d4 exd4 7. Nxd4 Bd6 8. Be3 c5 9. Nb3 Qe7 10. Re1 Be6 11. Nc3 O-O-O 12. Qe2 Be5 13. Rad1 c4 14. Nd4 Nh6 15. Bxh6 gxh6 16. Nxe6 Qxe6 17. Qf3 Rhg8 18. h3 Rd7 19. Rxd7 Qxd7 20. Rd1 Qg7 21. g4 h5 22. Qf5+ Kb8 23. Rd7 Qg6 24. Rxh7 Qxf5 25. exf5 hxg4 26. h4 g3 27. fxg3 Rxg3+ 28. Kf2 Bxc3 29. bxc3 Rxc3 30. h5 Rxc2+ 31. Kg3 Rxa2 32. h6 c3 33. Rh8+ Ka7 34. Rc8 c2 35. Rxc7 Ra1 36. Rxc2 Rh1 37. Rh2 Rg1+ 38. Kf4 Rg8 39. h7 Rh8 40. Ke4 b5 41. Kd5 b4 42. Ke6 b3 43. Kxf6 b2 44. Rxb2 Rxh7 45. Kg6 Rb7 46. Rxb7+ Kxb7 47. f6 a5 48. f7 a4 49. f8=Q a3 50. Qxa3 1-0


[Site "https://www.chess.com"]

[Event "Titled Tuesday Blitz January 10 Early 2023"]
[White "Larina, Maria"]
[Black "Moskvin, Anatoly"]
[WhiteFideId "24113182"]
[BlackFideId "24199990"]
[WhiteElo "1948"]
[BlackElo "2189"]
[Result "0-1"]
[Round "02"]
[TimeControl "180+2"]
[Date "2023.01.10"]
[WhiteClock "0:00:07"]
[BlackClock "0:00:31"]

1. e4 e5 2. Nf3 Nc6 3. Nc3 Nf6 4. Bb5 Bb4 5. O-O O-O 6. d3 d6 7. Ne2 Ne7 8. c3 Ba5 9. Ng3 c6 10. Ba4 Ng6 11. Re1 h6 12. h3 Nh7 13. d4 Bb6 14. Nf5 d5 15. Ng3 exd4 16. Nxd4 dxe4 17. Nxe4 Nf6 18. Bc2 Bxd4 19. cxd4 Bf5 20. f3 Nd5 21. Qd2 Ngf4 22. b4 Bg6 23. a3 a5 24. bxa5 Qxa5 25. Qxa5 Rxa5 26. Bd2 Ra7 27. Reb1 Ne6 28. Bd3 Rfa8 29. Bc1 Nxd4 30. Nc5 Bxd3 31. Nxd3 b6 32. Kf2 c5 33. Ne5 f6 34. Ng4 Nc2 35. Ra2 Nxa3 36. Rba1 Nb5 37. Rxa7 Rxa7 38. Rxa7 Nxa7 39. Ke2 Nc6 40. Kd3 h5 41. Nf2 b5 42. Ne4 Ne5+ 43. Kc2 c4 44. Nd6 b4 45. Bd2 b3+ 46. Kb1 c3 47. Bc1 Nd3 48. Ba3 c2+ 49. Ka1 c1=Q+ 50. Bxc1 Nxc1 51. Kb2 Ne2 52. Kxb3 Nef4 53. g3 Nxh3 54. Kc4 Ng5 55. Kxd5 Nxf3 56. Ke4 Ng5+ 57. Kf5 Nf7 58. Ne8 Ne5 59. Nd6 Kh7 60. Ne4 Kh6 61. Nf2 Ng4 62. Nh3 g6+ 63. Kf4 Ne5 64. Ng1 Nd3+ 65. Ke3 Nc5 66. Nf3 Nd7 67. Kf2 Ne5 68. Kg2 Nxf3 69. Kxf3 Kg5 70. Kg2 Kg4 71. Kf2 f5 72. Kg2 g5 73. Kf2 h4 74. Kg2 hxg3 0-1


[Site "https://www.chess.com"]

[Event "Titled Tuesday Blitz January 10 Early 2023"]
[White "Boder, Jan"]
[Black "Mitrovic, Darko R"]
[WhiteFideId "16243226"]
[BlackFideId "927023"]
[WhiteElo "2294"]
[BlackElo "2220"]
[Result "1/2-1/2"]
[Round "02"]
[TimeControl "180+2"]
[Date "2023.01.10"]
[WhiteClock "0:00:10"]
[BlackClock "0:00:08"]

1. b3 b6 2. Bb2 b5 3. e3 a6 4. f4 c6 5. Nf3 d5 6. Bd3 e6 7. O-O Nf6 8. Ne5 Bb7 9. Rf3 Nbd7 10. Rg3 Nc5 11. Nc3 Nxd3 12. cxd3 Nd7 13. Ne2 Nxe5 14. Bxe5 f6 15. Bb2 Qd7 16. Nd4 c5 17. Nf3 O-O-O 18. Rc1 Kb8 19. d4 c4 20. d3 cxd3 21. Qxd3 Bd6 22. Nd2 b4 23. Rf3 Qb5 24. Qf1 Qxf1+ 25. Rfxf1 Rc8 26. Kf2 a5 27. Kf3 Ba6 28. Rxc8+ Rxc8 29. Rc1 Rxc1 30. Bxc1 Bd3 31. e4 dxe4+ 32. Nxe4 Bxe4+ 33. Kxe4 f5+ 34. Kd3 Kc7 35. Kc4 Kc6 36. g3 h6 37. Be3 g6 38. h4 Be7 39. Bf2 g5 40. h5 g4 41. Be3 Bd6 42. Bc1 Be7 43. Be3 Bd6 44. Bf2 Be7 45. Be3 1/2-1/2


[Site "https://www.chess.com"]

[Event "Titled Tuesday Blitz January 10 Early 2023"]
[White "Kazancev, Valerij M"]
[Black "Stead, Kerry"]
[WhiteFideId "4179609"]
[BlackFideId "3202577"]
[WhiteElo "2313"]
[BlackElo "1908"]
[Result "1-0"]
[Round "02"]
[TimeControl "180+2"]
[Date "2023.01.10"]
[WhiteClock "0:01:01"]
[BlackClock "0:01:29"]

1. c4 g6 2. h4 Bg7 3. h5 c5 4. Nc3 Nc6 5. d3 e6 6. g3 Nge7 7. h6 Bxc3+ 8. bxc3 Qa5 9. Bd2 d6 10. Bg2 Bd7 11. Rb1 O-O-O 12. Qb3 Qa6 13. Nf3 f6 14. O-O Nf5 15. Rb2 Na5 16. Qa3 Bc6 17. Rfb1 g5 18. e4 Nxh6 19. Nxg5 fxg5 20. Bxg5 Nf7 21. Bxd8 Rxd8 22. Bf1 e5 23. Bh3+ Kc7 24. Be6 Ng5 25. Bd5 b6 26. Bxc6 Kxc6 27. Rb5 Qc8 28. Qa4 Kc7 29. Rxa5 bxa5 30. Qxa5+ Kd7 31. Qxa7+ Ke6 32. f4 exf4 33. gxf4 Nh3+ 34. Kg2 Nxf4+ 35. Kf3 Nxd3 36. Qxh7 Rf8+ 37. Ke3 Ne5 38. Rb7 Qe8 39. Qh3+ Kf6 40. Qf5# 1-0


[Site "https://www.chess.com"]

[Event "Titled Tuesday Blitz January 10 Early 2023"]
[White "Salman, Pavel"]
[Black "Flis, Pawel"]
[WhiteFideId "24153753"]
[BlackFideId "1112864"]
[WhiteElo "2287"]
[BlackElo "1879"]
[Result "1-0"]
[Round "02"]
[TimeControl "180+2"]
[Date "2023.01.10"]
[WhiteClock "0:01:43"]
[BlackClock "0:00:07"]

1. d4 c5 2. Nc3 cxd4 3. Qxd4 Nc6 4. Qa4 Nf6 5. e4 d6 6. Bb5 Bd7 7. Nf3 g6 8. O-O Bg7 9. Nd5 O-O 10. Bg5 a6 11. Bxc6 Bxc6 12. Qb3 h6 13. Bxf6 exf6 14. Rad1 Re8 15. Rfe1 Qa5 16. h4 h5 17. a3 Kh7 18. c4 b5 19. Nb4 Bxe4 20. cxb5 Bxf3 21. Qxf3 Qxb5 22. Rxe8 Rxe8 23. Rd5 Qc4 24. g3 Qc1+ 25. Kg2 Qxb2 26. Nxa6 Re1 27. Nb4 Qa1 28. Kh2 f5 29. Nc2 Qd1 30. Rxd1 1-0


[Site "https://www.chess.com"]

[Event "Titled Tuesday Blitz January 10 Early 2023"]
[White "ritanovikova"]
[Black "Shubenkova, Veronika"]
[BlackFideId "44124040"]
[WhiteElo "2112"]
[BlackElo "1960"]
[Result "1-0"]
[Round "02"]
[TimeControl "180+2"]
[Date "2023.01.10"]
[WhiteClock "0:00:16"]
[BlackClock "0:00:09"]

1. d4 d5 2. Bf4 e6 3. e3 Bd6 4. Bg3 Nf6 5. Nd2 O-O 6. Ngf3 Re8 7. Be2 Nbd7 8. O-O e5 9. dxe5 Nxe5 10. Nxe5 Bxe5 11. c3 c6 12. Nf3 Bxg3 13. hxg3 Bg4 14. Qc2 Qd7 15. Bd3 g6 16. Rfe1 Rad8 17. Nh2 Bf5 18. Bxf5 Qxf5 19. Qxf5 gxf5 20. Nf3 Ne4 21. Nd4 Nd6 22. Rad1 Kg7 23. b3 Kf6 24. Rd2 Ne4 25. Rd3 h5 26. Red1 Rh8 27. Nf3 Nc5 28. R3d2 Rd7 29. c4 Ne4 30. Rd3 Rhd8 31. cxd5 Rxd5 32. Rxd5 Rxd5 33. Rc1 Ra5 34. Rc2 Rd5 35. Kf1 Rd1+ 36. Ke2 Ra1 37. Nd2 Nd6 38. Kf3 Rd1 39. Ke2 Rg1 40. Kf3 Ke6 41. Rc5 f6 42. Ra5 a6 43. Ra4 Nf7 44. Rb4 Ne5+ 45. Ke2 b5 46. a4 Rxg2 47. Kf1 Rh2 48. axb5 axb5 49. Rf4 Rh1+ 50. Kg2 Rd1 51. Nf3 Nxf3 52. Kxf3 Rd3 53. b4 Rc3 54. Rh4 Ke5 55. Rxh5 Rc4 56. Rh8 Rxb4 57. Re8+ Kd5 58. Rd8+ Kc5 59. Rf8 Kc4 60. Rxf6 1-0


[Site "https://www.chess.com"]

[Event "Titled Tuesday Blitz January 10 Early 2023"]
[White "Brizzi, Milagros Tatiana"]
[Black "Sanchez, Robert"]
[WhiteFideId "128350"]
[BlackFideId "2034360"]
[WhiteElo "2110"]
[BlackElo "1966"]
[Result "0-1"]
[Round "02"]
[TimeControl "180+2"]
[Date "2023.01.10"]
[WhiteClock "0:00:15"]
[BlackClock "0:01:22"]

1. e4 e6 2. d4 d5 3. Nc3 Nf6 4. e5 Nfd7 5. f4 c5 6. Nf3 Nc6 7. Be3 Be7 8. Qd2 O-O 9. dxc5 Nxc5 10. Nd4 Nxd4 11. Bxd4 Bd7 12. O-O-O a6 13. Kb1 b5 14. Bd3 b4 15. Ne2 a5 16. g4 a4 17. Ng3 b3 18. a3 Rb8 19. c3 Nxd3 20. Qxd3 f6 21. Nh5 f5 22. Rhg1 g6 23. gxf5 Rxf5 24. Nf6+ Bxf6 25. exf6 Qe8 26. Rg5 Rxg5 27. fxg5 e5 28. Rf1 Bb5 29. Qf3 Bxf1 30. Qxd5+ Qf7 31. Bc5 Qxd5 0-1


[Site "https://www.chess.com"]

[Event "Titled Tuesday Blitz January 10 Early 2023"]
[White "Better_Chess_Faster"]
[Black "Girsh, Daniel"]
[BlackFideId "30949190"]
[WhiteElo "2043"]
[BlackElo "2123"]
[Result "0-1"]
[Round "02"]
[TimeControl "180+2"]
[Date "2023.01.10"]
[WhiteClock "0:00:03"]
[BlackClock "0:01:22"]

1. d4 Nf6 2. c4 e6 3. g3 d5 4. Nf3 Be7 5. Bg2 O-O 6. O-O dxc4 7. Qc2 b5 8. Ne5 Nd5 9. Nc3 c6 10. a4 b4 11. Ne4 c3 12. bxc3 bxc3 13. Nxc3 Ba6 14. Ne4 Nb4 15. Qb2 f6 16. Nf3 Nd7 17. Bd2 Rb8 18. Bxb4 Rxb4 19. Qc2 Qb6 20. Rfd1 Rb8 21. Qa2 Bc4 22. Qd2 Rb2 23. Qf4 Bxe2 24. Re1 Bd3 25. Ned2 c5 26. dxc5 Bxc5 27. Nh4 Bxf2+ 28. Qxf2 Qxf2+ 29. Kxf2 Rxd2+ 30. Kg1 Ne5 31. Nf3 Nxf3+ 32. Bxf3 e5 33. Red1 Rxd1+ 34. Rxd1 e4 35. Bg4 Rb1 36. Be6+ Kf8 37. Rxb1 Bxb1 38. Kf2 a5 39. Ke3 Bd3 40. Bd5 Ke7 41. Kd4 Kd6 42. Bg8 h6 43. Bh7 Bc2 44. Bg8 g5 45. Bc4 f5 46. Be2 f4 47. gxf4 gxf4 48. h4 e3 49. Bf3 Bxa4 50. Ke4 Bc6+ 51. Kxf4 Bxf3 52. Kxf3 a4 53. Kxe3 a3 54. Kd3 a2 55. Kc2 a1=Q 0-1


[Site "https://www.chess.com"]

[Event "Titled Tuesday Blitz January 10 Early 2023"]
[White "Bozorov, Makhsum"]
[Black "Necula, Iulian"]
[WhiteFideId "14201330"]
[BlackFideId "1232380"]
[WhiteElo "2145"]
[BlackElo "1851"]
[Result "1-0"]
[Round "02"]
[TimeControl "180+2"]
[Date "2023.01.10"]
[WhiteClock "0:00:13"]
[BlackClock "0:00:05"]

1. d4 f5 2. c4 Nf6 3. Nf3 g6 4. g3 Bg7 5. Bg2 O-O 6. O-O d6 7. Nc3 Qe8 8. d5 Na6 9. Rb1 Nc5 10. Nd4 Nce4 11. Nxe4 Nxe4 12. Nb5 Qd8 13. Be3 a6 14. Nd4 Qe8 15. Qc2 Nf6 16. Rbd1 Ng4 17. Bc1 Bd7 18. e4 Qf7 19. exf5 gxf5 20. Ne6 Rfc8 21. Nxg7 Kxg7 22. b3 c6 23. Bb2+ Kg8 24. Qd2 Ne5 25. Rfe1 Ng6 26. Qh6 Re8 27. h4 e5 28. dxe6 Rxe6 29. Rxe6 Bxe6 30. h5 Ne5 31. Rxd6 Qg7 32. Qxg7+ Kxg7 33. Bxe5+ Kf7 34. f4 Re8 35. Bf3 h6 36. Kf2 b5 37. Bxc6 bxc4 38. Bxe8+ Kxe8 39. Rxe6+ Kd7 40. Rd6+ Ke7 41. bxc4 1-0


[Site "https://www.chess.com"]

[Event "Titled Tuesday Blitz January 10 Early 2023"]
[White "Donskov, Anatoly"]
[Black "Selkirk, Rebecca"]
[WhiteFideId "24143413"]
[BlackFideId "14306514"]
[WhiteElo "2279"]
[BlackElo "1656"]
[Result "1-0"]
[Round "02"]
[TimeControl "180+2"]
[Date "2023.01.10"]
[WhiteClock "0:02:27"]
[BlackClock "0:00:13"]

1. e4 c5 2. Nf3 e6 3. d4 cxd4 4. Nxd4 a6 5. c4 Qc7 6. Nc3 b6 7. Be3 Bb7 8. f3 d6 9. Be2 Nd7 10. O-O Ngf6 11. Rc1 Be7 12. b4 O-O 13. a3 Rfe8 14. Qd2 Rac8 15. Rfd1 Qb8 16. Kh1 Bd8 17. Bf1 Bc7 18. b5 a5 19. Nc6 Qa8 20. Rb1 Bxc6 21. bxc6 Qxc6 22. Nb5 Ne5 23. Na7 Nxc4 24. Bxc4 Qxc4 25. Nxc8 Rxc8 26. Rdc1 Qa4 27. Bxb6 1-0


[Site "https://www.chess.com"]

[Event "Titled Tuesday Blitz January 10 Early 2023"]
[White "Lutz, Igor Oscar"]
[Black "Dudzinski, Pawel"]
[WhiteFideId "2110806"]
[BlackFideId "1117890"]
[WhiteElo "1969"]
[BlackElo "2186"]
[Result "0-1"]
[Round "02"]
[TimeControl "180+2"]
[Date "2023.01.10"]
[WhiteClock "0:00:04"]
[BlackClock "0:01:13"]

1. d4 d5 2. c4 c6 3. Nf3 e6 4. g3 f5 5. Bg2 Nf6 6. O-O Be7 7. b3 O-O 8. Ba3 Bd7 9. Bxe7 Qxe7 10. Nbd2 Be8 11. Ne5 Bh5 12. Ndf3 Nbd7 13. Qc2 Bxf3 14. Nxf3 Ne4 15. c5 e5 16. e3 f4 17. dxe5 fxe3 18. fxe3 Nexc5 19. Rac1 Ne4 20. Qb2 Rae8 21. b4 a6 22. a4 Nxe5 23. Nxe5 Qxe5 24. Rxf8+ Kxf8 25. Rf1+ Nf6 26. Qxe5 Rxe5 27. b5 axb5 28. axb5 Rxe3 29. Rb1 c5 30. Ra1 b6 31. Ra8+ Re8 32. Ra7 Re7 33. Ra8+ Kf7 34. Rd8 Rc7 35. Rd6 c4 36. Rxb6 c3 0-1


[Site "https://www.chess.com"]

[Event "Titled Tuesday Blitz January 10 Early 2023"]
[White "Jumanov, Elbek"]
[Black "Cruz Gomez, Miguel Angel"]
[WhiteFideId "14202905"]
[BlackFideId "5137160"]
[WhiteElo "2155"]
[BlackElo "1950"]
[Result "1-0"]
[Round "02"]
[TimeControl "180+2"]
[Date "2023.01.10"]
[WhiteClock "0:00:48"]
[BlackClock "0:00:16"]

1. c4 e5 2. g3 Nc6 3. Bg2 f5 4. Nc3 Nf6 5. a3 g6 6. b4 Bg7 7. b5 Ne7 8. e3 d6 9. Nge2 O-O 10. O-O g5 11. f4 h6 12. d3 c6 13. bxc6 bxc6 14. c5 Nfd5 15. Nxd5 cxd5 16. cxd6 Qxd6 17. fxe5 Qxe5 18. Rb1 Ba6 19. Kh1 Rab8 20. Rxb8 Rxb8 21. Nd4 Kh7 22. Qc2 Rc8 23. Qb3 Rb8 24. Qc2 Rc8 25. Qd2 Rb8 26. a4 Rb6 27. Ba3 Bc8 28. Bxe7 Qxe7 29. Nxf5 Bxf5 30. Rxf5 Rb2 31. Qc1 Qb4 32. Rf1 Bc3 33. Bxd5 h5 34. Be4+ Kg7 35. Qd1 g4 36. d4 Rd2 37. Qc1 Bb2 38. Qc7+ 1-0


[Site "https://www.chess.com"]

[Event "Titled Tuesday Blitz January 10 Early 2023"]
[White "Perez Rodriguez, Luis Manuel"]
[Black "Mohammadian, Mohammad"]
[WhiteFideId "3503364"]
[BlackFideId "12566055"]
[WhiteElo "2329"]
[BlackElo "1398"]
[Result "1-0"]
[Round "02"]
[TimeControl "180+2"]
[Date "2023.01.10"]
[WhiteClock "0:01:39"]
[BlackClock "0:00:05"]

1. e4 e5 2. Nf3 Nc6 3. Bb5 a6 4. Ba4 Nf6 5. O-O Be7 6. Re1 b5 7. Bb3 d6 8. c3 Na5 9. Bc2 c5 10. d4 Qc7 11. h3 O-O 12. a3 Bd7 13. b4 cxb4 14. axb4 Nc4 15. Nbd2 Nxd2 16. Bxd2 a5 17. bxa5 Rxa5 18. Rxa5 Qxa5 19. dxe5 dxe5 20. Nxe5 Rd8 21. Qa1 Qxa1 22. Rxa1 Be6 23. Be3 h6 24. Nc6 Re8 25. Ra7 Bd6 26. e5 Bxe5 27. Nxe5 Bc4 28. Nxc4 bxc4 29. Rc7 Nd5 30. Rxc4 Nxe3 31. fxe3 g6 32. Kf2 Kg7 33. Kf3 Rd8 34. Rc7 Kf8 35. Bb3 f5 36. Rf7+ Ke8 37. Rh7 Rd3 38. Bf7+ Kf8 39. Bxg6 Rxc3 40. Bxf5 Rc6 41. e4 Rf6 42. g4 Kg8 43. Ra7 h5 44. g5 Rf8 45. Kf4 h4 46. Kg4 Rd8 47. Kxh4 Rd2 48. Kh5 Rd3 49. h4 Rg3 50. Kg6 Kf8 51. h5 Ke8 52. h6 Kf8 53. h7 1-0


[Site "https://www.chess.com"]

[Event "Titled Tuesday Blitz January 10 Early 2023"]
[White "Gheorghiu, Calin"]
[Black "Muhammed , Zahid"]
[WhiteFideId "1200305"]
[BlackFideId "7800967"]
[WhiteElo "2223"]
[BlackElo "2734"]
[Result "0-1"]
[Round "03"]
[TimeControl "180+1"]
[Date "2023.01.10"]
[WhiteClock "0:00:06"]
[BlackClock "0:01:39"]

1. b3 e5 2. Bb2 Nc6 3. g3 d5 4. Bg2 f5 5. e3 Nf6 6. d4 e4 7. h4 Be6 8. Nh3 Bd6 9. Ba3 O-O 10. Bxd6 cxd6 11. Nf4 Bf7 12. Bf1 Rc8 13. Be2 h6 14. h5 Qa5+ 15. Kf1 Nd8 16. Kg2 Ne6 17. Nxe6 Bxe6 18. Nd2 Rc3 19. Nb1 Rc6 20. Nd2 Rfc8 21. c4 b6 22. a3 dxc4 23. bxc4 Bf7 24. Nb3 Qa4 25. d5 R6c7 26. Nd4 Qd7 27. a4 Kh7 28. a5 Rxc4 29. Bxc4 Rxc4 30. axb6 axb6 31. Rc1 b5 32. Rxc4 bxc4 33. Qa1 Nxd5 34. Rd1 Bxh5 35. Rc1 c3 36. Qa2 Bf7 37. Qa5 g6 38. Qa8 Qe8 39. Rb1 Qxa8 0-1


[Site "https://www.chess.com"]

[Event "Titled Tuesday Blitz January 10 Early 2023"]
[White "Samadov, Read"]
[Black "Nakamura, Hikaru"]
[WhiteFideId "13417444"]
[BlackFideId "2016192"]
[WhiteElo "2469"]
[BlackElo "2775"]
[Result "1/2-1/2"]
[Round "03"]
[TimeControl "180+2"]
[Date "2023.01.10"]
[WhiteClock "0:00:10"]
[BlackClock "0:00:06"]

1. d4 Nf6 2. c4 e6 3. Nc3 Bb4 4. Qc2 d5 5. a3 Be7 6. cxd5 exd5 7. Bg5 O-O 8. e3 Nbd7 9. Bd3 h6 10. Bh4 c6 11. Nge2 Re8 12. O-O Nh5 13. Bxe7 Qxe7 14. b4 a6 15. Rab1 b5 16. e4 dxe4 17. Bxe4 Bb7 18. Ng3 Nxg3 19. hxg3 Nb6 20. Rfe1 Qc7 21. a4 Nc4 22. Rbd1 Rad8 23. Bf3 Rxe1+ 24. Rxe1 g6 25. axb5 cxb5 26. Bxb7 Qxb7 27. d5 Nd6 28. Qd2 Qc7 29. Ne4 Nxe4 30. Rxe4 h5 31. Rd4 Qd6 32. Qc2 Re8 33. Re4 Rd8 34. Rd4 Qe5 35. Qd2 Rd6 36. Rd3 Kg7 37. Rd4 Kf8 38. Qh6+ Ke7 39. Qd2 Kd8 40. Rd3 g5 41. Rd4 Ke7 42. Rd3 Kf8 43. Rd4 Kg7 44. Rd3 Kg6 45. Rd4 Qf5 46. Qc3 Qe5 47. Qd3+ Kg7 48. Qd2 Kf8 49. Rd3 Kg8 50. Rd4 Kg7 51. Rd3 Kf8 52. Rd4 Ke7 53. Rd3 Kd7 54. Rd4 Kc7 55. Qc3+ Kb7 56. Qd2 f6 57. Rd3 h4 58. gxh4 gxh4 59. Rd4 f5 60. Rxh4 Rxd5 61. Rh7+ Kb8 62. Rh8+ Kb7 63. Rh7+ Kb6 64. Rh6+ Ka7 65. Rh7+ Kb8 66. Rh8+ Kb7 67. Rh7+ 1/2-1/2


[Site "https://www.chess.com"]

[Event "Titled Tuesday Blitz January 10 Early 2023"]
[White "Neiksans, Arturs"]
[Black "Dubov, Daniil"]
[WhiteFideId "11601388"]
[BlackFideId "24126055"]
[WhiteElo "2615"]
[BlackElo "2708"]
[Result "0-1"]
[Round "03"]
[TimeControl "180+2"]
[Date "2023.01.10"]
[WhiteClock "0:00:01"]
[BlackClock "0:00:08"]

1. e4 c5 2. Nf3 e6 3. g3 d5 4. exd5 exd5 5. d4 cxd4 6. Nxd4 Nc6 7. Bg2 Bc5 8. Nb3 Qe7+ 9. Qe2 Qxe2+ 10. Kxe2 Bb6 11. Be3 Bxe3 12. Kxe3 Nf6 13. Re1 O-O 14. Kd2 Ne4+ 15. Bxe4 dxe4 16. Rxe4 Bf5 17. Re3 Rfd8+ 18. Ke1 Bxc2 19. Na3 Bf5 20. Rc1 Nb4 21. Ke2 Nxa2 22. Rc7 b6 23. Nb5 Nb4 24. Rxa7 Rxa7 25. Nxa7 Bd3+ 26. Kf3 f6 27. Re7 Nd5 28. Re1 Nb4 29. Re7 Bc4 30. Nc1 Rd1 31. Ne2 Kf8 32. Re3 Bd5+ 33. Kg4 Rd2 34. Nc3 Rxb2 35. Nc8 Bc6 36. Nxb6 Nc2 37. Re2 Rb4+ 38. Kh3 Nd4 39. Rd2 Nf3 40. Rd8+ Kf7 41. Nbd5 Rc4 0-1


[Site "https://www.chess.com"]

[Event "Titled Tuesday Blitz January 10 Early 2023"]
[White "Sarana, Alexey"]
[Black "Mikhailovsky, Vladimir"]
[WhiteFideId "24133795"]
[BlackFideId "34105414"]
[WhiteElo "2685"]
[BlackElo "2215"]
[Result "1-0"]
[Round "03"]
[TimeControl "180+2"]
[Date "2023.01.10"]
[WhiteClock "0:00:42"]
[BlackClock "0:00:01"]

1. d4 d6 2. e4 Nf6 3. Nc3 e5 4. dxe5 dxe5 5. Qxd8+ Kxd8 6. Bc4 Be6 7. Bxe6 fxe6 8. f3 Nbd7 9. Nh3 Bc5 10. Nf2 Ke7 11. Nd3 Bd6 12. a4 Nc5 13. Be3 Nxd3+ 14. cxd3 Rhd8 15. Ke2 a6 16. Rhc1 Nd7 17. Nb1 Nb8 18. Nd2 Nc6 19. Nc4 h6 20. h4 Rd7 21. h5 Rad8 22. g4 Kf7 23. Rg1 Be7 24. Rgd1 Bf6 25. a5 Bg5 26. Bf2 Kf6 27. Ra4 Bf4 28. Ra3 Nd4+ 29. Bxd4 Rxd4 30. Rb3 Rb8 31. Ra1 Ke7 32. Ra4 Kd7 33. Rab4 Kc6 34. Rc3 Kd7 35. Kd1 Bg3 36. Rcb3 Kc6 37. Kc2 Bf4 38. Ra3 Kd7 39. Rc3 Bg3 40. Rcb3 Kc6 41. Ra4 Bf4 42. Kc3 Kd7 43. Rab4 Kc6 44. Na3 Bg3 45. Rxd4 Be1+ 46. Kc4 exd4 47. Kxd4 Bxa5 48. Nc4 Be1 49. f4 Kd7 50. Ne5+ Ke7 51. Nc6+ bxc6 52. Rxb8 Bf2+ 53. Kc4 Bb6 54. f5 exf5 55. gxf5 1-0


[Site "https://www.chess.com"]

[Event "Titled Tuesday Blitz January 10 Early 2023"]
[White "Urazayev, Arystanbek"]
[Black "Duda, Jan-Krzysztof"]
[WhiteFideId "13709810"]
[BlackFideId "1170546"]
[WhiteElo "2460"]
[BlackElo "2724"]
[Result "0-1"]
[Round "03"]
[TimeControl "180+2"]
[Date "2023.01.10"]
[WhiteClock "0:00:09"]
[BlackClock "0:00:10"]

1. e4 c5 2. Nf3 e6 3. d4 cxd4 4. Nxd4 Nc6 5. Be2 Nf6 6. Nc3 d6 7. Be3 Be7 8. g4 h6 9. Rg1 g5 10. Qd2 a6 11. O-O-O Ne5 12. f4 gxf4 13. Bxf4 Nfd7 14. g5 hxg5 15. Bxg5 b5 16. Bxe7 Qxe7 17. Nd5 Qd8 18. Nf4 Nf6 19. Nf3 Qc7 20. Qxd6 Qxd6 21. Rxd6 Nfd7 22. Nxe5 Nxe5 23. Nd3 Ng6 24. Nc5 Ke7 25. Rb6 Rxh2 26. Bd3 Rh5 27. b4 a5 28. Rxb5 axb4 29. Kb2 Ne5 30. Be2 Rh2 31. Re1 Nc6 32. Nb3 Bd7 33. Rb6 Ra7 34. Bb5 Ne5 35. Bxd7 Nc4+ 36. Kb1 Nxb6 37. Bb5 Rc7 38. Bd3 Na4 39. Rf1 Nc3+ 40. Kb2 Ra7 41. Nc1 Kd6 42. Bc4 Nxe4 43. Bb3 Nc5 44. Rd1+ Ke7 45. Rd4 Rb7 46. Bc4 f5 47. Rd1 Rb6 48. Ne2 Na4+ 49. Kc1 Nc3 50. Re1 Nxe2+ 51. Bxe2 Rh4 52. Bd3 Kf6 53. Rg1 Rd4 54. Rg8 Ke5 55. Re8 Rd5 56. Kd1 Rc5 57. Ke2 Kf4 58. Kf2 e5 59. Rh8 e4 60. Rh4+ Ke5 0-1


[Site "https://www.chess.com"]

[Event "Titled Tuesday Blitz January 10 Early 2023"]
[White "Lagarde, Maxime"]
[Black "Nepomniachtchi, Ian"]
[WhiteFideId "662399"]
[BlackFideId "4168119"]
[WhiteElo "2579"]
[BlackElo "2794"]
[Result "0-1"]
[Round "03"]
[TimeControl "180+2"]
[Date "2023.01.10"]
[WhiteClock "0:02:04"]
[BlackClock "0:01:53"]

1. e4 c5 2. Nc3 d6 3. g3 g6 4. Bg2 Bg7 5. Nge2 Nc6 6. O-O Nf6 7. d3 O-O 8. h3 Rb8 9. a4 a6 10. Be3 b5 11. axb5 axb5 12. Qd2 b4 13. Nd1 e5 14. Bh6 Qb6 15. Bxg7 Kxg7 16. Ne3 Be6 17. f4 exf4 18. gxf4 c4 19. f5 cxd3 20. fxe6 dxe2 21. Rxf6 Kxf6 22. Kh2 fxe6 23. Ng4+ Kg7 24. Qxd6 Rbd8 25. Qg3 0-1


[Site "https://www.chess.com"]

[Event "Titled Tuesday Blitz January 10 Early 2023"]
[White "Mahdavi, Reza"]
[Black "Andreikin, Dmitry"]
[WhiteFideId "12595926"]
[BlackFideId "4158814"]
[WhiteElo "2339"]
[BlackElo "2729"]
[Result "0-1"]
[Round "03"]
[TimeControl "180+2"]
[Date "2023.01.10"]
[WhiteClock "0:00:01"]
[BlackClock "0:00:46"]

1. e4 e6 2. d4 d5 3. Nc3 Bb4 4. exd5 exd5 5. Bd3 Nf6 6. Ne2 O-O 7. O-O Re8 8. Bf4 c6 9. Qd2 Bg4 10. f3 Bh5 11. Rae1 Bg6 12. a3 Ba5 13. g4 Nbd7 14. h4 Bc7 15. Bxc7 Qxc7 16. Qf4 Qb6 17. Bxg6 hxg6 18. b4 Nf8 19. Rd1 Qa6 20. Rd3 Re7 21. a4 Rae8 22. Ng3 Qc4 23. Qd6 Ne6 24. Nge2 Nf8 25. Kf2 Rxe2+ 26. Nxe2 Qxc2 27. Re3 Rxe3 28. Kxe3 Qxa4 29. Kf2 Ne6 30. Qb8+ Kh7 31. Qxb7 Qa2 32. Qxf7 Nxd4 33. Re1 Qd2 34. Qxa7 Nxf3 35. Ra1 Ne5 36. Ra2 Nfxg4+ 37. Kg2 Qe1 38. Qg1 Qxh4 39. Qh1 Ne3+ 40. Kg1 g5 41. Qxh4+ gxh4 42. Nd4 g5 43. Ra6 h3 44. Nxc6 Nf3+ 45. Kf2 g4 46. Ra1 h2 0-1


[Site "https://www.chess.com"]